AoeStats
← IamTheCrew

Arabia

509188647Analyzed
1v1 RM · 6d ago on Sep 25, 2026· 28m 47s· 2 players
Game mode
Random Map
Map size
Tiny (2 player)
Population
200
Speed
Normal
Resources
Standard
Victory
Conquest
Starting age
Dark Age
Ending age
Imperial Age
RankedLock teamsTeams togetherTeam positionsShared explorationLock speedFull tech treeHidden civsTurbo modeCheats
Victory
Defeat
🇹🇷 Spanish · Türkiye
659
+14
🇲🇽 Aztecs · Mexico
614
-14
IamTheCrew
9:46 Feudal Age
8:02 Loom
10:21 Horse Collar
18:02 Castle Age
hasanceylan256
11:56 Feudal Age
13:32 Loom
16:41 Castle Age
15:58 Stone Mining
26:11 Gold Mining
Connection lost

Rejoining the realm…

Still unreachable

The connection could not be restored.

Session expired

The server has moved on; the page needs a fresh start.